 Dungeon Crawl Stone Soup version 0.18.1-50-g88ac8fd (webtiles) character file.

37 Morkimoo the Chiller (level 3, 0/24 HPs)
             Began as a Merfolk Ice Elementalist on Feb 15, 2017.
             Slain by a hobgoblin
             ... wielding a +0 club
              (2 damage)
             ... on level 2 of the Dungeon.
             The game lasted 00:18:30 (1443 turns).

Morkimoo the Chiller (Merfolk Ice Elementalist)     Turns: 1443, Time: 00:18:31

Health: 0/24       AC:  2    Str:  8    XL:     3   Next: 39%
Magic:  3/6        EV: 13    Int: 15    God:
Gold:   64         SH:  0    Dex: 14    Spells: 2 memorised, 3 levels left

rFire  . . .     SeeInvis .     f - +0 short sword
rCold  . . .     Gourm    .     a - +0 robe
rNeg   . . .     Faith    .     (no shield)
rPois  .         Spirit   .     (no helmet)
rElec  .         Dismiss  .     (no cloak)
rCorr  .         Reflect  .     (no gloves)
SustAt .         Harm     .     (no boots)
MR     .....                    (no amulet)
Stlth  ++........               (no ring)
                                (no ring)

@: not resistant to hostile enchantments, unstealthy
A: change form in water, swift swim
a: no special abilities


You were on level 2 of the Dungeon.
You were hungry.

You visited 1 branch of the dungeon, and saw 2 of its levels.

You collected 64 gold pieces.

Inventory:

Hand Weapons
 e - a +0 dagger
 f - a +0 short sword (weapon)
Missiles
 h - 32 poisoned needles
 n - 25 stones (quivered)
Armour
 a - a +0 robe (worn)
Scrolls
 d - a scroll of identify {unknown}
 g - a scroll of recharging {unknown}
 i - a scroll of random uselessness {unknown}
 l - a scroll of teleportation {unknown}
 q - a scroll of fear {unknown}
Potions
 j - a potion of curing {unknown}
 k - a potion of degeneration {unknown}
Books
 b - a book of Frost

   Spells                             Type                      Level
   a - Freeze                         Ice                          1
   b - Throw Frost                    Conjuration/Ice              2
   c - Ozocubu's Armour               Charms/Ice                   3
   d - Throw Icicle                   Conjuration/Ice              4
   e - Summon Ice Beast               Ice/Summoning                4
Comestibles
 c - a bread ration
 m - a beef jerky


   Skills:
 * Level 3.6 Dodging
 * Level 2.4 Stealth
 - Level 2.0 Spellcasting
 + Level 1.0 Conjurations
 * Level 4.0 Ice Magic


You had 3 spell levels left.
You knew the following spells:

 Your Spells              Type           Power        Failure   Level  Hunger
a - Freeze                Ice            ##..         4%          1    #......
b - Throw Frost           Conj/Ice       #.....       12%         2    ###....


Dungeon Overview and Level Annotations

Branches:
Dungeon (2/15)

Altars:


Message History

The hobgoblin hits you with a club.
* * * LOW HITPOINT WARNING * * *
Casting: Freeze
Confirm with . or Enter, or press ? or * to list all spells.
Aiming: Freeze
Press: ? - help, Shift-Dir - straight line, f - hobgoblin
Aim: a hobgoblin, wielding a club You freeze the hobgoblin.
The hobgoblin is heavily wounded.
The quokka barely misses you. The hobgoblin closely misses you.
The quokka bites you.
* * * LOW HITPOINT WARNING * * *
You completely miss the quokka.
The quokka is almost dead.
The hobgoblin misses you. The quokka barely misses you.
You hit the quokka.
You kill the quokka!
Your Conjurations skill increases to level 1!
The hobgoblin hits you with a club.
You die...

...... #...# ##
#...# ...
#######<..##.##
#..............
..)............
#....).........
#######g<.##...
#@?.# ## #...#
#...# #...#
#...# ##...
###. .#


You could see a hobgoblin.

Vanquished Creatures
  A dart slug (D:1)
  5 bats (D:1)
  2 giant cockroaches (D:1)
  4 goblins (D:1)
  5 hobgoblins (D:1)
  4 jackals (D:1)
  A quokka (D:2)
  A ball python (D:1)
  2 giant newts (D:1)
  2 kobolds (D:1)
  4 rats (D:1)
31 creatures vanquished.

Notes
Turn   | Place    | Note
--------------------------------------------------------------
     0 | D:1      | Morkimoo the Merfolk Ice Elementalist began the quest for the Orb.
     0 | D:1      | Reached XP level 1. HP: 13/13 MP: 3/3
   388 | D:1      | Reached XP level 2. HP: 16/19 MP: 0/5
   393 | D:1      | Learned a level 2 spell: Throw Frost
   589 | D:1      | Reached skill level 4 in Ice Magic
   933 | D:1      | Reached XP level 3. HP: 24/24 MP: 6/6
  1443 | D:2      | Reached skill level 1 in Conjurations
  1443 | D:2      | Slain by a hobgoblin

Skill      XL: |  1  2  3 |
---------------+----------+-----
Dodging        | 3 |  3.6
Ice Magic      | 4 |  4.0
Conjurations   | 1 |  1.0
Stealth        | |  2.4
Spellcasting   | |  2.0

Action                   || total
-------------------------++-------
Melee: Short sword       ||    74
       Club              ||     4
       Unarmed           ||     2
Throw: Stone             ||     7
 Cast: Freeze            ||    15
       Throw Frost       ||     7
  Eat: Chunk             ||     2
Armor: Robe              ||    24
Dodge: Dodged            ||   101
